 Dungeon Crawl Stone Soup version bcrawl-1.19.1 (webtiles) character file.

Game seed: 5627420723947291100

266 JackS81 the Shield-Bearer (level 6, -1/55 HPs)
             Began as a Hill Orc Fighter on Nov 21, 2019.
             Slain by a gnoll
             ... wielding a +0 spear
              (6 damage)
             ... on level 4 of the Dungeon.
             The game lasted 00:10:02 (2934 turns).

JackS81 the Shield-Bearer (Hill Orc Fighter)        Turns: 2934, Time: 00:10:03

Health: -1/55      AC:  7    Str: 19    XL:     6   Next: 20%
Magic:  6/6        EV:  8    Int:  8    God:
Gold:   343        SH: 11    Dex: 12    Spells: 5/5 levels left

rFire    + . .     SeeInvis +   a - +0 long sword
rCold    + + .     Gourm    .   c - +0 shield
rNeg     . . .     Faith    .   b - +0 scale mail
rPois    +         Spirit   .   (no helmet)
rElec    +         Reflect  .   (no cloak)
rCorr    +         Harm     .   (no gloves)
MR       .....                  (no boots)
Stlth    ..........             g - amulet of magic regeneration
HPRegen  0.18/turn              r - ring of protection from cold
MPRegen  0.35/turn              t - ring of see invisible

@: resistant
A: no striking features
a: no special abilities


You were on level 4 of the Dungeon.
You were very hungry.

You visited 1 branch of the dungeon, and saw 4 of its levels.

You collected 343 gold pieces.

Inventory:

Hand Weapons
 a - a +0 long sword (weapon)
Missiles
 h - 1319 stones
 k - 124 tomahawks (quivered)
 n - 265 sling bullets
Armour
 b - a +0 scale mail (worn)
 c - a +0 shield (worn)
Jewellery
 g - an amulet of magic regeneration (around neck)
 r - a ring of protection from cold (left hand)
 t - a ring of see invisible (right hand)
Wands
 d - a wand of iceblast (13)
Scrolls
 e - a scroll of remove curse {unknown}
 i - a scroll of blinking {unknown}
 j - a scroll of magic mapping {unknown}
 m - 5 scrolls of teleportation
 p - a scroll of fear {unknown}
 s - 2 scrolls of identify
 u - 2 scrolls of enchant weapon {unknown}
Potions
 l - a potion of magic
 o - a potion of ambrosia
 q - 2 potions of curing
 v - a potion of lignification
 w - a potion of resistance
Comestibles
 f - 4 rations {!d}


   Skills:
 * Level 4.9 Fighting
   Level 4.9 Short Blades
   Level 4.9 Long Blades
   Level 4.9 Axes
   Level 4.9 Maces & Flails
   Level 4.9 Polearms
   Level 4.9 Staves
 * Level 4.8 Armour
 + Level 1.1 Dodging
 + Level 5.0 Shields
   Level 4.9 Unarmed Combat


You had 5 spell levels left.
You didn't know any spells.
Your spell library was empty.

Dungeon Overview and Level Annotations

Branches:
Dungeon (4/12)
 Temple: D:4-7

Altars:


Message History

It was a potion of resistance.
You feel protected. The gnoll hits you with a +0 spear.
You block the gnoll's attack.
The gnoll hits you from afar with a +0 halberd!
* * * LOW HITPOINT WARNING * * *
You are confused.
You feel invigorated. The gnoll hits you with a +0 spear.
The gnoll hits you but does no damage. The gnoll barely misses you.
The gnoll hits you but does no damage. x2; The gnoll closely misses you.
The gnoll hits you with a +0 spear. The gnoll hits you but does no damage.
The gnoll hits you from afar with a +0 halberd!
* * * LOW HITPOINT WARNING * * *
You feel less invigorated.
You feel less confused. You block the gnoll's attack.
The gnoll hits you but does no damage.
The gnoll hits you from afar with a +0 halberd!
* * * LOW HITPOINT WARNING * * *
You block the gnoll's attack. x2
The gnoll hits you from afar with a +0 spear.
You die...

#.....#........###..##......##
..............#........$...#.
.##.#...##...........##..g...
..#.##..........#..........g.
....##..###...............(..
.#...###.##......#..##.......
.#...........#..g##.#.....#
....##..#....###.#........#
#..###..###...##@#..##....#
##.# ### #...##.gg.####.##
#....# ##..##.....# # ##..##
#####..>.### #### ###....#
##...# ##.## #.# ###


You could see 3 gnolls.

Vanquished Creatures
  An orc warrior (D:3)
  A worker ant (D:3)
  6 adders
  An adder skeleton (D:4)
  3 dart slugs
  5 leopard geckos
  3 orcs
  A ball python (D:3)
  A giant cockroach (D:1)
  7 goblins
  11 hobgoblins
  13 jackals
  8 kobolds
  A quokka (D:3)
  5 bats
  4 frilled lizards
  6 rats
77 creatures vanquished.

Notes
Turn   | Place    | Note
-------+----------+-------------------------------------------
     0 | D:1      | JackS81 the Hill Orc Fighter began the quest for the Orb.
     0 | D:1      | Reached XP level 1. HP: 20/20 MP: 1/1
   207 | D:1      | Reached XP level 2. HP: 26/27 MP: 2/2
   561 | D:1      | Reached XP level 3. HP: 34/34 MP: 3/3
   891 | D:2      | Reached skill level 4 in Shields
  1048 | D:2      | Reached XP level 4. HP: 41/41 MP: 4/4
  1630 | D:3      | Reached XP level 5. HP: 41/47 MP: 5/5
  2400 | D:3      | Noticed an orc warrior
  2433 | D:3      | Killed an orc warrior
  2433 | D:3      | Reached skill level 1 in Dodging
  2433 | D:3      | Reached skill level 5 in Shields
  2433 | D:3      | Reached XP level 6. HP: 36/55 MP: 6/6
  2934 | D:4      | Slain by a gnoll

Skill      XL: |  1  2  3  4  5 |
---------------+----------------+-----
Shields        | 4 5 |  5.0
Armour         | 4 |  4.8
Dodging        | 1 |  1.1
Fighting       | |  4.9
Short Blades   | |  4.9
Long Blades    | |  4.9
Axes           | |  4.9
Maces & Flails | |  4.9
Polearms       | |  4.9
Staves         | |  4.9
Unarmed Combat | |  4.9

Action                   |  1- 3 |  4- 6 || total
-------------------------+-------+-------++-------
Melee: Long sword        |   122 |   209 ||   331
Throw: Tomahawk          |       |    15 ||    15
  Use: Potion            |       |     4 ||     4
       Scroll            |       |     4 ||     4
  Eat: Chunk             |     1 |     5 ||     6
Armor: Scale mail        |    42 |    84 ||   126
Dodge: Dodged            |    35 |    68 ||   103
Block: Shield            |    77 |   127 ||   204
